 Dungeon Crawl Stone Soup version 0.31-a0-237-g2d982f9 (webtiles) character file.

Game seed: 8178915241190931618

2434812 BingusPrime the Intangible (level 27, 228/228 HPs)
             Began as a Djinni Conjurer on June 12, 2022.
             Was the Champion of Qazlal.
             Escaped with the Orb
             ... and 4 runes on July 11, 2023!
             The game lasted 10:27:33 (66294 turns).

BingusPrime the Intangible (Djinni Conjurer)       Turns: 66294, Time: 10:27:34

Health: 228/228    AC: 15    Str:  6    XL:     27
Gold:   9274       EV: 30    Int: 39    God:    Qazlal [******] SH:  8 Dex:  8

rFire   + + +        C - staff of Sulphur {rC+++ rN+ Dex-5 SInv Conj}
rCold   + + .        (no shield)
rNeg    + . .        k - +4 robe "Jugeuhayf" {rF++}
rPois   ∞            U - +2 hat
rElec   +            F - +4 dragonskin cloak
rCorr   .            Q - +1 pair of gloves
SInv    +            (boots unavailable)
Will    ++...        o - amulet of regeneration
Stlth   +            u - ring of the Hare {EV+10}
HPRegen 1.38/turn    c - ring of Vifotwog {+Blink Int+6}
MPRegen 0.00/turn

%: repel missiles
@: flying, studying 3 skills
A: sickness immunity, fire resistance 2, cold vulnerability 1, float, innate
caster, HP casting, extra vitality 1, screaming 1, electricity resistance
0: Orb of Zot
}: 4/15 runes: decaying, slimy, silver, gossamer
a: Renounce Religion, Evoke Blink, Upheaval, Elemental Force, Disaster Area


You escaped.
You worshipped Qazlal.
Qazlal was exalted by your worship.
You visited 10 branches of the dungeon, and saw 53 of its levels.
You also visited: Trove and Ossuary.

You collected 9422 gold pieces.
You spent 148 gold pieces at shops.

Inventory:

Missiles
 J - 7 throwing nets
Armour
 k - the +4 robe "Jugeuhayf" (worn) {rF++}
   (You bought it in a shop on level 2 of the Orcish Mines)

   rF:        It greatly protects you from fire.
 F - the +4 dragonskin cloak (worn)
   (You took it off Tiamat on level 1 of the Realm of Zot)

   Avatar's Aegis: It grants the wearer a chance to resist fire, cold, poison,
   electricity, acid, and negative energy.
 M - an orb of wrath
 Q - a +1 pair of gloves (worn)
 U - a +2 hat (worn)
Magical Staves
 C - the staff of Sulphur (weapon) {rC+++ rN+ Dex-5 SInv Conj}
   (You found it on level 3 of the Elven Halls)

   [staff of conjuration]

   Base accuracy: +5 Base damage: 5 Base attack delay: 1.2 This weapon's minimum
   attack delay (0.6) is reached at skill level 12.
   Dex:       It affects your dexterity (-5).
   rC:        It renders you almost immune to cold.
   rN:        It protects you from negative energy.
   SInv:      It lets you see invisible.
   Conj:      It increases the power of your Conjurations spells.
   It falls into the 'Staves' category.
   It is a one-handed weapon.
Jewellery
 c - the ring of Vifotwog (right hand) {+Blink Int+6}
   (You took it off a deep elf archer on level 3 of the Elven Halls)

   [ring of intelligence]

   Int:       It affects your intelligence (+6).
   +Blink:    It lets you blink.
 o - an amulet of regeneration (around neck)
 u - the ring of the Hare (left hand) {EV+10}
   (You found it in a treasure trove)

   [ring of evasion]

   EV:        It affects your evasion (+10).
 D - the dreamshard necklace {Acrobat *Dream}
   (You found it on level 5 of the Vaults)

   [amulet of the acrobat]

   *Dream:    It absorbs a single lethal wound into itself, holding its wearer
   just short of death and releasing dream-creatures to guard them.
   It increases your evasion while moving and waiting.
 O - the ring of Guna {+Blink EV+5}
   (You found it on level 5 of the Pits of Slime)

   [ring of evasion]

   EV:        It affects your evasion (+5).
   +Blink:    It lets you blink.
 X - the amulet of Divine Compulsion {Reflect rPois rF+ SH+5}
   (You found it on level 10 of the Dungeon)

   [amulet of reflection]

   It reflects blocked missile attacks.
   rF:        It protects you from fire.
   rPois:     It protects you from poison.
   SH:        It affects your SH (+5).
Wands
 d - a wand of iceblast (61)
 s - a wand of acid (49)
 v - a wand of charming (70)
 y - a wand of paralysis (17)
 A - a wand of digging (27)
 G - a wand of polymorph (44)
 H - a wand of flame (172)
 P - a wand of quicksilver (18)
 V - a wand of mindburst (13)
Scrolls
 a - 42 scrolls of identify
 e - 9 scrolls of poison
 g - 12 scrolls of enchant armour
 i - 2 scrolls of summoning
 n - 10 scrolls of fog
 p - 8 scrolls of blinking
 q - 16 scrolls of immolation
 r - 8 scrolls of enchant weapon
 w - 30 scrolls of teleportation
 x - 7 scrolls of fear
 z - 2 scrolls of silence
 L - 10 scrolls of vulnerability
 T - 6 scrolls of brand weapon
 W - 7 scrolls of revelation
Potions
 f - 13 potions of mutation
 h - 4 potions of resistance
 j - 8 potions of curing
 l - 11 potions of lignification
 m - 12 potions of might
 t - 7 potions of haste
 E - 4 potions of ambrosia
 I - 5 potions of brilliance
 K - 6 potions of cancellation
 N - 4 potions of invisibility
 Z - 5 potions of heal wounds
Miscellaneous
 b - a phantom mirror
 B - a tin of tremorstones (2/2)
 R - a piece from Xom's chessboard (15/15)
 S - a piece from Xom's chessboard (15/15)
 Y - a phantom mirror


   Skills:
 O Level 27 Fighting
 O Level 27 Dodging
 - Level 1.5 Stealth
 * Level 25.6 Spellcasting
 * Level 25.6 Conjurations
 * Level 25.6 Hexes
 * Level 25.6 Summonings
 * Level 25.6 Necromancy
 * Level 25.6 Translocations
 * Level 25.6 Transmutations
 * Level 25.6 Fire Magic
 * Level 25.6 Ice Magic
 * Level 25.6 Air Magic
 * Level 25.6 Earth Magic
 * Level 25.6 Poison Magic


You knew the following spells:

 Your Spells              Type           Power      Damage    Failure   Level
a - Magic Dart            Conj           100%       1d8       0%          1
b - Searing Ray           Conj           100%       2d8       0%          2
c - Dazzling Flash        Conj/Hex       100%       N/A       0%          3
d - Fulminant Prism       Conj/Hex       77%        3d32      0%          4
e - Iskenderun's Mystic   Conj/Tloc      100%       2d19      0%          4
f - Beastly Appendage     Tmut           100%       N/A       0%          1
g - Blink                 Tloc           100%       N/A       0%          2
h - Frozen Ramparts       Ice            100%       1d16      0%          3
i - Summon Ice Beast      Ice/Summ       100%       N/A       0%          4
j - Airstrike             Air            64%        2d(10-26) 0%          4
k - Borgnjor's Vile Clut  Necr/Erth      64%        N/A       0%          5
l - Starburst             Conj/Fire      77%        6d20      0%          6
m - Summon Cactus Giant   Summ           64%        N/A       0%          6
n - Summon Hydra          Summ           64%        N/A       0%          7
o - Enfeeble              Hex            64%        N/A       0%          7
p - Ozocubu's Refrigerat  Ice            64%        4d21      0%          7
q - Chain Lightning       Conj/Air       77%        3d102     1%          9
r - Shatter               Erth           64%        3d48*     1%          9
Your spell library was empty.

Dungeon Overview and Level Annotations

Branches:
Dungeon (15/15)            Temple (0/1) D:7            Lair (6/6) D:11
  Swamp (4/4) Lair:3       Spider (4/4) Lair:3        Slime (5/5) Lair:6
    Orc (2/2) D:12            Elf (3/3) Orc:2        Vaults (5/5) D:13
  Crypt (0/3) Vaults:2     Depths (4/4) D:15            Zot (5/5) Depths:4
Ossuary (visited)

Altars:
Gozag
Hepliaklqana
Okawaru
Qazlal
Trog
Uskayaw
Wu Jian
Xom
The Shining One

Shops:
D:5 (   D:9 !   Orc:2 [(=[*   Elf:1 (   Elf:3 (   Vaults:3 ?   Depths:1 ([
Depths:3 :

Portals:
Hell: Depths:1 Depths:2 Depths:3 Depths:4
Abyss: Depths:1 Depths:3
Pandemonium: Depths:2
Ziggurat: Depths:1

Annotations:
Zot:4 1 runed translucent door, Gexkuux's ghost, master TrFi


Innate Abilities, Weirdness & Mutations

You are immune to sickness and miasma.
You are immune to poison.
Your flesh is very heat resistant. (rF++)
You are vulnerable to cold. (rC-)
You float through the air rather than walking.
You learn spells naturally, not from books.
Your magical power is your life essence.
You have superior vitality. (+4 MHP)
You occasionally shout uncontrollably at your foes.
You are resistant to electric shocks. (rElec)


Message History

You hear a grinding noise.
A cacodemon and 2 sixfirhies come into view.
Casting: Shatter (mildly dangerous; 1% risk of failure)
Confirm with . or Enter, or press ? or * to list all spells.
Aiming: Fulminant Prism (safe; 0% risk of failure)
Press: ? - help, Dir - move target You feel a surge of power!
You conjure a prism of explosive energy!
A fulminant prism comes into view.
The cacodemon hits your fulminant prism.
The cacodemon hits your fulminant prism but does no damage.
Your fulminant prism crackles loudly.
The cacodemon hits your fulminant prism!
The cacodemon hits your fulminant prism!!
Casting: Fulminant Prism (safe; 0% risk of failure)
Confirm with . or Enter, or press ? or * to list all spells.
Okay, then.
You hear a grinding noise.
Your fulminant prism explodes!
Qazlal accepts your kill.
You feel a bit more experienced.
Casting: Fulminant Prism (safe; 0% risk of failure)
Confirm with . or Enter, or press ? or * to list all spells.
The heat is drained from your surroundings.
The sixfirhy is severely wounded.
Casting: Ozocubu's Refrigeration (safe; 0% risk of failure)
Confirm with . or Enter, or press ? or * to list all spells.
The heat is drained from your surroundings.
You kill the sixfirhy!
Qazlal accepts your kill.
Some rock shatters into small pieces.
The cacodemon gestures at the rock wall.
Some rock shatters into small pieces.
There is a stone staircase leading up here.
You fly upwards.
There is a stone staircase leading down here.
HP restored.
There is an open door here.
There is a staircase leading out of the dungeon here.
You have escaped!

#.#####...####.......#
#.......>...##########
............###...#######
#>.####.....~P##.##♣~...#
#...........~~P#.#~~~##.#
............~~~~~~~~~♣#.#
####.###....~~♣#'#P~~##.# ####.#
#.[##~~##.##♣~##[########
.....###..#####.@.#####........#
#####...### ##### ########.#
##.## #..# ##### #.# #.#
#..####..(# #.# ## #.#
###.........# #.# .#####.#
#.....###...# #.# .......#
####.###.####.## #.# .#####.#
#....# #......# #.#
.#####.###.##.###.###### #.#


There were no monsters in sight!

Vanquished Creatures
  the Royal Jelly (Slime:5)
  A dread lich (Zot:5)
  Tiamat (Zot:1)
  5 orbs of fire
  3 ancient liches
  5 Killer Klowns (Zot:5)
  Vv (Depths:2)
  2 curse toes (Zot:4)
  9 golden dragons
  2 caustic shrikes (Depths:2)
  Nikola (Vaults:2)
  the Enchantress (Depths:1)
  3 doom hounds (Zot:4)
  6 electric golems
  25 tentacled monstrosities
  A lich (Depths:2)
  Grunn (Zot:4)
  Zenata (Vaults:3)
  12 titans
  A walking divine tome (Depths:2)
  2 deep elf blademasters
  3 quicksilver dragons
  17 acid blobs
  26 Orb Guardians
  4 deep elf master archers (Elf:3)
  4 sphinxes
  The ghost of enarc13 the Brawler, an adept TrHW of Elyvilon (Spider:2)
  9 death cobs
  21 storm dragons
  2 thorn hunters (Swamp:4)
  Donald (Vaults:2)
  3 tengu reavers
  A fenstrider witch (Swamp:4)
  9 shadow dragons
  10 azure jellies
  10 fire giants
  3 draconian monks
  15 rockslimes
  Roxanne (Swamp:4)
  6 emperor scorpions
  8 deep elf sorcerers
  4 draconian scorchers
  16 vault wardens
  9 draconian knights
  6 iron dragons
  8 frost giants
  Aizul (Vaults:2)
  An orc warlord (Orc:2)
  10 ghost moths
  Louise (Elf:2)
  5 draconian shifters
  A deep elf elementalist (Elf:3)
  16 stone giants
  18 ironbound preservers
  8 quicksilver oozes
  3 war gargoyles
  11 spriggan defenders
  A ghoul (Vaults:2)
  11 very ugly things
  5 draconian stormcallers
  6 ironbound thunderhulks
  A reaper (Zot:1)
  6 draconian annihilators
  3 formless jellyfish
  5 eleionomae
  5 broodmothers
  11 deep elf demonologists
  12 deep elf annihilators (Elf:3)
  4 bunyips
  16 dire elephants
  15 green draconians
  5 entropy weavers
  14 purple draconians
  2 vampire knights (Depths:2)
  13 black draconians
  14 red draconians
  7 spark wasps
  14 white draconians
  18 yellow draconians
  2 deep elf death magi
  8 fire dragons
  3 green deaths
  2 crystal guardians (Vaults:2)
  8 ettins
  A blizzard demon (Depths:2)
  9 deep elf high priests
  22 yaktaur captains
  Josephine (Spider:1)
  2 shambling mangroves
  32 vault guards
  2 peacekeepers
  3 spriggan air magi
  21 hydras
  8 ice dragons
  A hell beast (Swamp:4)
  2 jorogumos
  8 great orbs of eyes
  2 ogre magi (Vaults:5)
  2 rakshasas (Depths:2)
  11 centaur warriors
  4 ghost crabs
  6 boulder beetles
  9 radroaches
  An anaconda (shapeshifter) (Vaults:5)
  3 death knights
  7 ironbound frosthearts
  6 two-headed ogres
  A death scarab (Spider:3)
  11 alligators
  7 deep troll shamans
  9 death yaks
  3 vampire magi
  29 dancing weapons
  2 thrashing horrors (Swamp:4)
  A hell knight (Depths:3)
  7 deep troll earth magi
  Urug (D:13)
  6 spriggan berserkers
  18 deep elf knights
  8 tengu warriors
  A storm dragon zombie (Depths:1)
  2 skeletal warriors
  4 iron trolls
  2 pharaoh ants
  3 sun moths
  2 skysharks (shapeshifter) (Vaults:5)
  6 spriggan druids
  16 steelbarb worms
  2 deep trolls (shapeshifter)
  3 sixfirhies
  58 deep trolls
  A flayed ghost (Vaults:4)
  6 orb spiders
  10 bog bodies
  6 goliath frogs
  15 ironbound convokers
  10 swamp dragons
  16 deep elf archers
  5 glowing orange brains
  7 lindwurms
  25 deep elf pyromancers
  5 wizards
  3 phantasmal warriors (Vaults:5)
  6 orc knights
  A harpy (shapeshifter) (D:14)
  A tengu zombie (Depths:1)
  4 necromancers
  22 deep elf zephyrmancers
  17 wolf spiders
  38 ugly things
  2 shining eyes
  The ghost of SuisLittleHoshiymin the Zephyrmancer, a novice FeAE of Sif Muna (D:10)
  2 will-o-the-wisps
  3 manticores
  2 oklob plants
  3 orc sorcerers (Orc:2)
  33 moths of wrath
  3 elephants (Lair:6)
  A moth of wrath (shapeshifter) (Vaults:5)
  An iron dragon skeleton (Depths:1)
  Maurice (D:9)
  A frost giant skeleton (Depths:1)
  17 vault sentinels
  5 cyclopes
  A rust devil (Depths:2)
  3 fire giant skeletons (Depths:1)
  6 black mambas
  A guardian serpent (shapeshifter) (Vaults:5)
  3 torpor snails
  2 smoke demons
  An eye of devastation (Slime:3)
  5 orange demons (Swamp:4)
  7 cane toads
  Psyche (D:10)
  4 kobold demonologists
  10 komodo dragons
  16 rime drakes
  21 yaktaurs
  4 freezing wraiths
  16 demonic crawlers
  6 tengu conjurers
  10 trolls
  3 meliai (Spider:3)
  A wolf spider simulacrum (D:15)
  A merfolk (shapeshifter) (Vaults:5)
  26 hornets
  23 tarantellas
  2 bloated husks
  Prince Ribbit (D:5)
  A tarantella (shapeshifter) (D:14)
  5 polar bears (Lair:6)
  A hornet (shapeshifter) (Vaults:5)
  A hellwing (Depths:2)
  8 blink frogs
  A snapping turtle (shapeshifter) (Depths:1)
  10 tyrant leeches
  77 slime creatures
  12 dream sheep
  4 air elementals
  24 jumping spiders
  17 culicivoras
  Sigmund (D:5)
  5 wyverns
  A vampire (D:9)
  35 spriggans
  6 water elementals (Elf:1)
  51 yaks
  A shadow (D:11)
  8 fire bats (Lair:1)
  8 wraiths
  A human (shapeshifter) (D:14)
  4 basilisks
  64 redbacks
  12 golden eyes
  A neqoxec (Zot:4)
  9 steam dragons
  9 fire elementals
  A hog (shapeshifter) (D:15)
  A spriggan simulacrum (Depths:1)
  12 vampire mosquitoes
  22 swamp worms
  6 wargs
  10 acid dragons
  10 water moccasins
  2 swamp drakes
  A floating eye (Slime:2)
  35 orc warriors
  3 black bears
  8 boggarts
  4 ogres
  5 centaurs
  30 wolves
  A phantom (D:5)
  A necrophage (D:6)
  3 kobold brigands (D:10)
  10 bullfrogs
  4 scorpions
  8 earth elementals
  2 gnoll sergeants
  6 wights
  16 killer bees
  6 electric eels
  3 howler monkeys
  3 jellies
  21 orc priests
  A hound (D:5)
  A gnoll bouda (D:7)
  Jessica (D:2)
  27 orc wizards
  An iguana (D:7)
  Terence (D:2)
  11 hell rats
  A mummy (D:4)
  18 gnolls
  4 adders
  A white imp (D:5)
  An adder zombie (Ossuary)
  A worm (D:2)
  2 dart slugs
  101 orcs
  6 ball pythons
  7 bats
  5 endoplasms
  2 giant cockroaches (D:1)
  5 goblins
  5 hobgoblins (D:1)
  18 kobolds
  4 quokkas
  A ball python skeleton (Ossuary)
  3 frilled lizards
  4 hobgoblin skeletons (Ossuary)
  A hobgoblin zombie (Ossuary)
  2 kobold zombies
  2 orc skeletons (Ossuary)
  An orc zombie (D:4)
  8 rats
  38 fulminant prisms
2274 creatures vanquished.

Vanquished Creatures (collateral kills)
  Mara (Vaults:3)
  A sphinx (Vaults:4)
  A storm dragon (Depths:2)
  A deep elf sorcerer (Elf:1)
  3 vault wardens
  An emperor scorpion (Spider:1)
  A ghost moth (Spider:1)
  5 ironbound preservers
  2 ironbound thunderhulks (Vaults:3)
  3 very ugly things (Vaults:4)
  A deep elf death mage (Elf:3)
  2 yaktaur captains (Vaults:3)
  A great orb of eyes (Vaults:3)
  6 vault guards
  A ghost crab (Swamp:4)
  A hydra (Swamp:2)
  4 ironbound frosthearts
  A deep troll earth mage (Vaults:3)
  A deep elf knight (Elf:1)
  3 pharaoh ants
  A sun moth (Spider:1)
  10 deep trolls
  A phantasmal warrior (Vaults:3)
  A wizard (Vaults:4)
  A lindwurm (Vaults:3)
  2 deep elf pyromancers (Elf:2)
  A deep elf zephyrmancer (Elf:2)
  3 ironbound convokers
  A necromancer (Vaults:3)
  A tengu skeleton (Depths:1)
  4 vault sentinels
  A frost giant skeleton (Depths:1)
  A yaktaur (Vaults:3)
  A hornet (Swamp:1)
  A merfolk (shapeshifter) (Vaults:3)
  2 tarantellas
  8 slime creatures
  A spriggan (Swamp:1)
  A shadow (D:9)
  An air elemental (Elf:1)
  A culicivora (Spider:4)
  A wyvern (Lair:2)
  A fire elemental (Elf:1)
  2 vampire mosquitoes (Spider:4)
  A kobold brigand (D:7)
  A wight (D:6)
  An orc wizard (D:6)
  An orc (D:6)
  2 kobolds (D:7)
94 creatures vanquished.

Vanquished Creatures (others)
  A deep elf annihilator (Elf:1)
  A bunyip (Swamp:2)
  A deep elf knight (Elf:3)
  A bloated husk (Swamp:4)
  A water elemental (Elf:1)
  A vampire mosquito (Swamp:2)
  An orc wizard (D:7)
  6 foxfires (Swamp:4)
  1171 fulminant prisms
1184 creatures vanquished.

Grand Total: 3552 creatures vanquished

Notes
Turn   | Place    | Note
-------+----------+-------------------------------------------
     0 | D:1      | BingusPrime the Djinni Conjurer began the quest for the
                  | Orb.
     0 | D:1      | Reached XP level 1. HP: 15/15 MP: 0/0
   152 | D:1      | Reached XP level 2. HP: 19/22 MP: 0/0
   160 | D:1      | Reached skill level 1 in Fighting
   565 | D:1      | Reached XP level 3. HP: 13/27 MP: 0/0
   565 | D:1      | Learned a level 1 spell: Beastly Appendage
  1445 | D:2      | Noticed Terence
  1640 | D:2      | Killed Terence
  1641 | D:2      | Reached XP level 4. HP: 25/33 MP: 0/0
  1844 | D:2      | Noticed Jessica
  1849 | D:2      | Killed Jessica
  2240 | D:2      | Reached XP level 5. HP: 37/39 MP: 0/0
  2240 | D:2      | Learned a level 2 spell: Blink
  2304 | D:2      | Found a faded altar of an unknown god.
  2872 | D:4      | Found a stormy altar of Qazlal.
  2912 | D:4      | Became a worshipper of Qazlal Stormbringer
  2925 | D:4      | Reached XP level 6. HP: 43/46 MP: 0/0
  3001 | D:4      | Found a sand-covered staircase.
  3007 | Ossuary  | Entered an ossuary
  3114 | Ossuary  | Noticed a wraith
  3114 | Ossuary  | Noticed a flying skull
  3125 | Ossuary  | Noticed a flying skull
  3127 | Ossuary  | Noticed a flying skull
  3205 | Ossuary  | Noticed a flying skull
  3214 | Ossuary  | Noticed a wraith
  3219 | Ossuary  | Killed a wraith
  3220 | Ossuary  | Reached XP level 7. HP: 50/52 MP: 0/0
  3220 | Ossuary  | Learned a level 3 spell: Frozen Ramparts
  3255 | Ossuary  | Noticed a wraith
  3274 | Ossuary  | Killed a wraith
  3275 | Ossuary  | Reached skill level 5 in Spellcasting
  3668 | D:4      | Reached * piety under Qazlal
  3747 | D:4      | Reached skill level 5 in Fighting
  3747 | D:4      | Reached XP level 8. HP: 58/59 MP: 0/0
  3929 | D:4      | Found a faded altar of an unknown god.
  3929 | D:4      | Found a faded altar of an unknown god.
  3932 | D:4      | Found a hazy altar of Hepliaklqana.
  3963 | D:5      | Entered Level 5 of the Dungeon
  3967 | D:5      | Noticed Prince Ribbit
  3972 | D:5      | Killed Prince Ribbit
  3994 | D:5      | Found Mitwouta's Weapon Shoppe.
  4230 | D:5      | Reached skill level 5 in Dodging
  4499 | D:5      | Noticed Sigmund
  4509 | D:5      | Killed Sigmund
  4731 | D:6      | Reached XP level 9. HP: 53/67 MP: 0/0
  4731 | D:6      | Learned a level 4 spell: Summon Ice Beast
  5119 | D:6      | Identified the +7 long sword "Buroxt" {drain, Will+}
  5892 | D:7      | Reached ** piety under Qazlal
  5919 | D:7      | Found a staircase to the Ecumenical Temple.
  6120 | D:7      | Noticed a hornet
  6129 | D:7      | Killed a hornet
  6443 | D:8      | Reached XP level 10. HP: 68/76 MP: 0/0
  6446 | D:8      | Noticed a two-headed ogre
  6455 | D:8      | Killed a two-headed ogre
  6464 | D:8      | Noticed a two-headed ogre
  6472 | D:8      | Killed a two-headed ogre
  7575 | D:9      | Reached XP level 11. HP: 78/85 MP: 0/0
  7575 | D:9      | Learned a level 4 spell: Airstrike
  7609 | D:9      | Noticed a +0 dagger
  7609 | D:9      | Noticed a +0 hand axe
  7612 | D:9      | Found a hide-covered altar of Uskayaw.
  7645 | D:9      | Found Ygom's Distillery.
  7697 | D:9      | Reached skill level 10 in Fighting
  7704 | D:9      | Reached *** piety under Qazlal
  7798 | D:9      | Noticed Maurice
  7799 | D:9      | Paralysed by Maurice for 4 turns
  7810 | D:9      | Killed Maurice
  7958 | D:9      | Found a runed translucent door.
  8063 | D:9      | Noticed an orc knight
  8070 | D:9      | Noticed an orc knight
  8075 | D:9      | Killed an orc knight
  8075 | D:9      | Noticed an orc knight
  8078 | D:9      | Killed an orc knight
  8081 | D:9      | Killed an orc knight
  8298 | D:10     | Entered Level 10 of the Dungeon
  8301 | D:10     | Noticed Psyche
  8307 | D:10     | Killed Psyche
  8521 | D:10     | Reached **** piety under Qazlal
  8529 | D:10     | Noticed a two-headed ogre
  8535 | D:10     | Killed a two-headed ogre
  8597 | D:10     | Identified the amulet of Divine Compulsion {Reflect rPois
                  | rF+ SH+5}
  8632 | D:10     | Found an opulent altar of Gozag.
  8635 | D:10     | Found a glowing golden altar of the Shining One.
  8824 | D:10     | Found a bloodstained altar of Trog.
  8884 | D:10     | Found an iron altar of Okawaru.
  8886 | D:10     | Found an ornate altar of the Wu Jian Council.
  8947 | D:10     | Found a runed translucent door.
  8947 | D:10     | Noticed a four-headed hydra
  8948 | D:10     | Noticed SuisLittleHoshiymin's ghost (novice FeAE)
  8953 | D:10     | Killed SuisLittleHoshiymin's ghost
  8955 | D:10     | Killed a four-headed hydra
  9023 | D:11     | Reached XP level 12. HP: 82/94 MP: 0/0
  9043 | D:11     | Noticed a two-headed ogre
  9049 | D:11     | Killed a two-headed ogre
  9206 | D:11     | Noticed a six-headed hydra
  9216 | D:11     | Killed a six-headed hydra
  9282 | D:11     | Found a staircase to the Lair.
  9297 | Lair:1   | Entered Level 1 of the Lair of Beasts
  9310 | Lair:1   | Reached skill level 10 in Spellcasting
  9549 | Lair:1   | Reached skill level 10 in Dodging
 10281 | Lair:2   | Reached ***** piety under Qazlal
 10391 | Lair:2   | Noticed a seven-headed hydra
 10396 | Lair:2   | Killed a seven-headed hydra
 10397 | Lair:2   | Reached XP level 13. HP: 90/102 MP: 0/0
 10397 | Lair:2   | Learned a level 5 spell: Borgnjor's Vile Clutch
 11080 | Lair:3   | Noticed an eight-headed hydra
 11084 | Lair:3   | Killed an eight-headed hydra
 11155 | Lair:3   | Found a gate leading to a gauntlet.
 11245 | Lair:3   | Noticed an eight-headed hydra
 11249 | Lair:3   | Killed an eight-headed hydra
 11293 | Lair:3   | Noticed an eight-headed hydra
 11299 | Lair:3   | Killed an eight-headed hydra
 11941 | Lair:3   | Found a hole to the Spider Nest.
 12180 | Lair:3   | Found a staircase to the Swamp.
 12241 | Lair:4   | Noticed a six-headed hydra
 12246 | Lair:4   | Killed a six-headed hydra
 12252 | Lair:4   | Noticed a six-headed hydra
 12258 | Lair:4   | Killed a six-headed hydra
 12351 | Lair:4   | Identified the -1 cloak "Has Gits" {rC+ Int+2}
 12385 | Lair:4   | Reached XP level 14. HP: 76/112 MP: 0/0
 13693 | Lair:5   | Reached ****** piety under Qazlal
 13953 | Lair:5   | Found an ornate altar of the Wu Jian Council.
 14319 | Lair:6   | Entered Level 6 of the Lair of Beasts
 14386 | Lair:6   | Reached skill level 15 in Fighting
 14519 | Lair:6   | Reached XP level 15. HP: 80/120 MP: 0/0
 14519 | Lair:6   | Learned a level 6 spell: Starburst
 15334 | Lair:6   | Found a staircase to the Slime Pits.
 16123 | D:11     | You are sucked into a shaft and drop 1 floor!
 16691 | D:12     | Reached skill level 15 in Dodging
 16726 | D:12     | Found a staircase to the Orcish Mines.
 16744 | Orc:1    | Entered Level 1 of the Orcish Mines
 17056 | Orc:2    | Entered Level 2 of the Orcish Mines
 17932 | Orc:2    | Found Totrycs's Jewellery Boutique.
 17982 | Orc:2    | Found Zezuatz's Antique Armour Boutique.
 18009 | Orc:2    | Found a staircase to the Elven Halls.
 18194 | Orc:2    | Noticed an orc warlord
 18202 | Orc:2    | Killed an orc warlord
 18232 | Orc:2    | Found Pedad's Antique Weapon Emporium.
 18234 | Orc:2    | Found Iru Dojit's Antique Armour Shoppe.
 18248 | Orc:2    | Bought a shadowed robe for 148 gold pieces
 18248 | Orc:2    | Identified the +4 robe "Jugeuhayf" {rF++} (You bought it in
                  | a shop on level 2 of the Orcish Mines)
 18301 | Orc:2    | Found Ryijoth's Assorted Antiques.
 19053 | D:13     | Noticed Urug
 19058 | D:13     | Killed Urug
 19060 | D:13     | Reached XP level 16. HP: 105/129 MP: 0/0
 19231 | D:13     | Found a gate to the Vaults.
 20668 | D:15     | Entered Level 15 of the Dungeon
 21088 | D:15     | Found a staircase to the Depths.
 21642 | Swamp:1  | Entered Level 1 of the Swamp
 22393 | Swamp:2  | Reached XP level 17. HP: 85/137 MP: 0/0
 22393 | Swamp:2  | Learned a level 6 spell: Summon Cactus Giant
 23796 | Swamp:4  | Entered Level 4 of the Swamp
 24380 | Swamp:4  | Noticed a thorn hunter
 24386 | Swamp:4  | Killed a thorn hunter
 24615 | Swamp:4  | Noticed a thorn hunter
 24624 | Swamp:4  | Killed a thorn hunter
 24763 | Swamp:4  | Noticed Roxanne
 24767 | Swamp:4  | Identified the +1 cloak of Ybups {rPois Str+7 Int-2}
 24837 | Swamp:4  | Killed Roxanne
 24937 | Swamp:4  | Reached XP level 18. HP: 84/146 MP: 0/0
 25110 | Swamp:4  | Reached skill level 15 in Spellcasting
 25266 | Swamp:4  | Got a decaying rune of Zot
 25434 | Swamp:4  | Upgraded the game from 0.29-a0-575-g0dc89cf to
                  | 0.29-a0-596-g57363d2
 25555 | Spider:1 | Entered Level 1 of the Spider Nest
 26468 | Spider:1 | Noticed Josephine
 26471 | Spider:1 | Killed Josephine
 27070 | Spider:1 | Identified the +8 war axe of Wondrous Power {spect, rC-
                  | Str+7 Dex+4}
 27766 | Spider:2 | Found a large runed translucent door.
 27768 | Spider:2 | Found a large runed translucent door.
 27871 | Spider:2 | Noticed enarc13's ghost (adept TrHW)
 27885 | Spider:2 | Killed enarc13's ghost
 28163 | Spider:3 | Reached XP level 19. HP: 114/154 MP: 0/0
 28163 | Spider:3 | Learned a level 7 spell: Summon Hydra
 29645 | Spider:4 | Entered Level 4 of the Spider Nest
 30772 | Spider:4 | HP: 4/156 [disintegration (66)]
 31337 | Spider:4 | Got a gossamer rune of Zot
 31338 | Spider:4 | Upgraded the game from 0.29-a0-596-g57363d2 to
                  | 0.29-a0-613-gf2c431b
 31395 | Spider:4 | Reached XP level 20. HP: 163/163 MP: 0/0
 31815 | Vaults:1 | Entered Level 1 of the Vaults
 31861 | Vaults:1 | Reached XP level 21. HP: 126/169 MP: 0/0
 31861 | Vaults:1 | Learned a level 7 spell: Enfeeble
 33973 | Vaults:2 | Noticed Nikola
 33988 | Vaults:2 | Killed Nikola
 33996 | Vaults:2 | Noticed Donald
 34004 | Vaults:2 | Killed Donald
 34102 | Vaults:2 | Reached XP level 22. HP: 178/178 MP: 0/0
 34126 | Vaults:2 | Identified the ring of Casis {Wiz rElec rC+ Dex-4}
 34894 | Vaults:2 | Reached XP level 23. HP: 161/184 MP: 0/0
 34894 | Vaults:2 | Learned a level 7 spell: Ozocubu's Refrigeration
 35074 | Vaults:2 | Found a staircase to the Crypt.
 35202 | Vaults:2 | Noticed Aizul
 35211 | Vaults:2 | Killed Aizul
 36162 | Vaults:3 | Upgraded the game from 0.29-a0-613-gf2c431b to
                  | 0.31-a0-233-g139696d
 36258 | Vaults:3 | Found Nyib's Magic Scroll Boutique.
 36275 | Vaults:3 | Noticed Zenata
 36284 | Vaults:3 | Killed Zenata
 36979 | Vaults:3 | Noticed Mara
 36989 | Vaults:3 | Killed Mara
 38061 | Vaults:4 | Reached XP level 24. HP: 103/194 MP: 0/0
 39271 | Vaults:4 | Upgraded the game from 0.31-a0-233-g139696d to
                  | 0.31-a0-236-g9a0961f
 39485 | Elf:1    | Entered Level 1 of the Elven Halls
 39903 | Elf:1    | Found Luick's Weapon Shop.
 39964 | Elf:1    | Paralysed by an air elemental for 1 turns
 41307 | Elf:2    | Found a runed translucent gate.
 41308 | Elf:2    | Found a runed translucent gate.
 41308 | Elf:2    | Found a runed translucent gate.
 41803 | Elf:2    | Noticed Louise
 41809 | Elf:2    | Killed Louise
 41850 | Elf:2    | Reached XP level 25. HP: 157/202 MP: 0/0
 41850 | Elf:2    | Learned a level 9 spell: Chain Lightning
 42163 | Elf:3    | Entered Level 3 of the Elven Halls
 42613 | Elf:3    | Found Ememymiu's Antique Weapon Shop.
 42651 | Elf:3    | Identified the ring of Vifotwog {+Blink Int+6}
 42652 | Elf:3    | Identified the ring "Quliosal" {Fly Dex+2}
 43125 | Elf:3    | Identified the staff of Profit {+Blink rElec rPois Will-
                  | Dex+4 Poison}
 43158 | Elf:3    | Identified the +8 glaive of the Eternal Void {drain, rElec
                  | rC+}
 43165 | Elf:3    | Identified the staff "Ewet" {rC+ Dex+3 Ice}
 43170 | Elf:3    | Identified the staff of Sulphur {rC+++ rN+ Dex-5 SInv Conj}
 43880 | Depths:1 | Entered Level 1 of the Depths
 44041 | Depths:1 | Found a one-way gateway to a ziggurat.
 44305 | Depths:1 | Found a gateway to Hell.
 44368 | Depths:1 | Found a one-way gate to the infinite horrors of the Abyss.
 44400 | Depths:1 | Found Jiliwn's Antique Armour Emporium.
 44446 | Depths:1 | Found Gilusoh's Weapon Shoppe.
 44562 | Depths:1 | Noticed the Enchantress
 44565 | Depths:1 | Killed the Enchantress
 44921 | Depths:1 | Found an opulent altar of Gozag.
 45272 | Depths:2 | Noticed Vv
 45290 | Depths:2 | Killed Vv
 45607 | Depths:2 | Noticed a caustic shrike
 45610 | Depths:2 | Killed a caustic shrike
 45622 | Depths:2 | Identified the ring "Niac" {+Blink rF+ Will+ rCorr Dex+3}
 45634 | Depths:2 | Noticed a caustic shrike
 45639 | Depths:2 | Killed a caustic shrike
 45640 | Depths:2 | Reached XP level 26. HP: 86/211 MP: 0/0
 46402 | Depths:2 | Identified the +6 falchion "Hydra's Nightmare" {drain, rF+}
 46978 | Depths:2 | Found a one-way gate leading to the halls of Pandemonium.
 47165 | Depths:2 | Found a portal to a secret trove of treasure.
 47173 | Depths:2 | You paid a toll of 18 potions of curing to enter a treasure
                  | trove
 47174 | Trove    | Entered a treasure trove
 47176 | Trove    | Found the ring of the Hare {EV+10}
 47180 | Trove    | Identified the ring "Usaiv" {rF+ Str+3}
 47181 | Trove    | Identified the ring "Zifulenlea" {rC+ Will+ Str+6 SInv}
 47183 | Trove    | Identified the ring "Vamapoph" {Str+6 Dex+2}
 47184 | Trove    | Identified the ring "Naepsec" {rPois rF++ rC- MP+9 AC+4}
 47188 | Trove    | Identified the amulet of Interdependent Arising {RegenMP
                  | Stlth+}
 47193 | Trove    | Identified the ring of Sashorac {Str+6 Int+3 Slay+6}
 47365 | Depths:3 | Found Zafumyaf's Book Boutique.
 47544 | Depths:3 | You are sucked into a shaft and drop 1 floor!
 47544 | Depths:4 | Entered Level 4 of the Depths
 48278 | Depths:4 | Found a gate to the Realm of Zot.
 48980 | Depths:3 | Identified the +8 mace of Infinite Pain {flame, Drain rPois
                  | Str-2 SInv}
 50528 | Vaults:5 | Entered Level 5 of the Vaults
 50530 | Vaults:5 | Reached XP level 27. HP: 197/221 MP: 0/0
 50530 | Vaults:5 | Learned a level 9 spell: Shatter
 50536 | Vaults:5 | Noticed an ancient lich
 50542 | Vaults:5 | Killed an ancient lich
 50650 | Vaults:5 | Noticed an ancient lich
 50832 | Vaults:5 | Killed an ancient lich
 51977 | Vaults:5 | Identified the amulet "Mefrireo" {Faith Rampage rC+ Str-2}
 52071 | Vaults:5 | Found the dreamshard necklace {Acrobat *Dream}
 52082 | Vaults:5 | Identified the staff "Gakerucu" {rPois rC+ Int+2 Dex+3 Ice
                  | Air}
 52220 | Vaults:5 | Identified the ring of Hoptue {rN+ Will++ Dex+6}
 52529 | Vaults:5 | Identified the ring of Goeg Low {Fly rPois Int+2}
 52904 | Vaults:5 | Identified the +7 orcbow of the Scroll {heavy, Int+3}
 52953 | Vaults:5 | Identified the +6 flail "Atuntunt" {venom, rPois rN+ Will+}
 53034 | Vaults:5 | Got a silver rune of Zot
 53416 | Vaults:5 | Upgraded the game from 0.31-a0-236-g9a0961f to
                  | 0.31-a0-237-g2d982f9
 53739 | Slime:1  | Entered Level 1 of the Pits of Slime
 54783 | Slime:3  | Reached skill level 27 in Dodging
 55470 | Slime:5  | Entered Level 5 of the Pits of Slime
 55609 | Slime:5  | Noticed the Royal Jelly
 55632 | Slime:5  | Killed the Royal Jelly
 55964 | Slime:5  | Identified a scroll of acquirement
 55966 | Slime:5  | Identified the +6 scale mail "Elyhibes" {Will+ Str+4}
 56023 | Slime:5  | Acquired 922 gold pieces
 56125 | Slime:5  | Found the +6 Majin-Bo {spellvamp, MP+6 Int+6}
 56159 | Slime:5  | Identified the +1 chain mail of Yzyof {rPois Dex+3}
 56162 | Slime:5  | Identified the ring of Guna {+Blink EV+5}
 56173 | Slime:5  | Got a slimy rune of Zot
 56184 | Slime:5  | Identified the +3 chain mail "Kebeom" {rC+++ Will++ Str+3
                  | Int-5 Stlth+}
 56197 | Slime:5  | Found the amulet of the Air {Inacc Air Fly rElec RMsl}
 56982 | Zot:1    | Entered Level 1 of the Realm of Zot
 57203 | Zot:1    | Found the +4 dragonskin cloak
 57203 | Zot:1    | Noticed Tiamat
 57244 | Zot:1    | Killed Tiamat
 58359 | Zot:1    | Reached skill level 27 in Fighting
 60951 | Zot:3    | Noticed an orb of fire
 60967 | Zot:3    | Gained mutation: Your body sometimes deteriorates upon
                  | taking damage. [an orb of fire]
 60970 | Zot:3    | Killed an orb of fire
 62947 | Zot:4    | Noticed Grunn
 62953 | Zot:4    | Killed Grunn
 63033 | Zot:4    | Noticed an orb of fire
 63395 | Zot:4    | Killed an orb of fire
 63502 | Zot:4    | Found a runed translucent door.
 63502 | Zot:4    | Found a shimmering altar of Xom.
 63502 | Zot:4    | Noticed Gexkuux's ghost (master TrFi)
 63902 | Zot:5    | Entered Level 5 of the Realm of Zot
 63930 | Zot:5    | Noticed an orb of fire
 63934 | Zot:5    | Gained mutation: You are dopey. (Int -2) [an orb of fire]
 63937 | Zot:5    | Killed an orb of fire
 63950 | Zot:5    | Noticed an orb of fire
 63954 | Zot:5    | Noticed an ancient lich
 64105 | Zot:5    | Noticed a dread lich
 64113 | Zot:5    | Killed a dread lich
 64123 | Zot:5    | Noticed an orb of fire
 64131 | Zot:5    | Killed an orb of fire
 64147 | Zot:5    | Noticed a Killer Klown
 64155 | Zot:5    | Killed a Killer Klown
 64168 | Zot:5    | Noticed a Killer Klown
 64175 | Zot:5    | Killed a Killer Klown
 64241 | Zot:5    | Noticed a Killer Klown
 64248 | Zot:5    | Killed a Killer Klown
 64393 | Zot:5    | Noticed a Killer Klown
 64400 | Zot:5    | Killed a Killer Klown
 64401 | Zot:5    | Killed an ancient lich
 64483 | Zot:5    | Killed an orb of fire
 64630 | Zot:5    | Noticed a Killer Klown
 64639 | Zot:5    | Killed a Killer Klown
 65649 | Zot:5    | Lost mutation: You are dopey. (Int -2) [potion of mutation]
 65649 | Zot:5    | Lost mutation: Your body sometimes deteriorates upon taking
                  | damage. [potion of mutation]
 65649 | Zot:5    | Gained mutation: You are resistant to electric shocks.
                  | (rElec) [potion of mutation]
 65649 | Zot:5    | Gained mutation: You occasionally shout uncontrollably at
                  | your foes. [potion of mutation]
 65662 | Zot:5    | Got the Orb of Zot
 66035 | D:13     | Noticed Xaxy the pandemonium lord
 66294 | D:$      | Escaped with the Orb!

Illustrated notes

Levels and vault maps discovered:
D:1:      sevenhm_arrival_forest_fort_small_4, layout_loops_ring
D:2:      layout_loops_ring, shapermc_ecumenical_altar_petra, uniq_terence,
          uniq_jessica
D:3:      layout_rooms
D:4:      layout_cave_pods, nicolae_hepliaklqana_ecumenical_no_more,
          old_standard_altar, mainiacjoe_overflow_six_doors_small,
          nicolae_ossuary_entry_giza
D:5:      layout_loops_ring, serial_shops, nicolae_shop_behind_doors,
          uniq_prince_ribbit1, uniq_sigmund
D:6:      layout_basic, serial_bayou, serial_bayou_shore_a, serial_bayou_pond_e,
          serial_bayou_pond_d, serial_bayou_lagoon_b
D:7:      layout_loops_corners, minmay_temple_entry_arrows
D:8:      layout_loops_ring
D:9:      layout_loops_ring, dancing_weapons_uskayaw, serial_shops,
          nicolae_take_the_stairs, lightli_church_of_beogh, uniq_maurice
D:10:     layout_rooms, nicolae_overflow_hidden_temple,
          mainiacjoe_overflow_cross_hatched, ebering_ghost_inner_flame,
          uniq_psyche
D:11:     layout_stronghold, dpeg_oklobed_lair
D:12:     layout_rooms, erik_orc_1
D:13:     layout_roguey, david_vaults_1, corexii_hall_statues_deadend, uniq_urug
D:14:     layout_grid_maze, dreamdust_wishing_well
D:15:     grunt_enter_depths_snipers, layout_loops_ring, serial_park_avenue1
Lair:1:   layout_gridlike, grunt_megastairs_2
Lair:2:   layout_regular_city
Lair:3:   layout_regular_city, nicolae_swamp_entry_splash_gauntlet,
          spider_nest_entry_a, gauntlet_entry_generic, bobbens_dragon_lair_wall,
          grunt_megastairs_5
Lair:4:   layout_regular_city, serial_bayou_shore_b
Lair:5:   layout_hall_layers, basic_altar, serial_bayou_shore_b
Lair:6:   minmay_lair_end_enchanted_forest, layout_gridlike,
          minmay_slime_entry_pillars
Swamp:1:  nicolae_swamp_ascending_descending, layout_falls_marsh,
          evilmike_swamp_ruin_house_4, infiniplex_staircase_pool
Swamp:2:  nicolae_swamp_ascending_descending_big, layout_basic_swamp,
          hangedman_swamp_ruin_wall, swamp_pool4
Swamp:3:  layout_basic_swamp, serial_swamp_ruin, evilmike_swamp_ruin_rubble_2,
          evilmike_swamp_ruin_house_2, evilmike_swamp_ruin_house_6
Swamp:4:  swamp_vile, layout_basic_swamp, uniq_roxanne
Spider:1: nicolae_spider_hilbert_zone_1 [nicolae_spider_hilbert_4_sides_1_open,
          nicolae_spider_hilbert_4_sides_1_open,
          nicolae_spider_hilbert_4_sides_1_open,
          nicolae_spider_hilbert_4_sides_1_open,
          nicolae_spider_hilbert_3_sides_1_open,
          nicolae_spider_hilbert_3_sides_1_open,
          nicolae_spider_hilbert_3_sides_1_open,
          nicolae_spider_hilbert_3_sides_1_open,
          nicolae_spider_hilbert_3_sides_1_open,
          nicolae_spider_hilbert_6_sides_1_open,
          nicolae_spider_hilbert_6_sides_1_open,
          nicolae_spider_hilbert_3_sides_1_open,
          nicolae_spider_hilbert_3_sides_1_open,
          nicolae_spider_hilbert_3_sides_1_open,
          nicolae_spider_hilbert_3_sides_1_open,
          nicolae_spider_hilbert_2_sides_1_open], worms_lemuel, uniq_josephine
Spider:2: layout_spider_delve, ebering_ghost_disaster_area
Spider:3: layout_chambers, nicolae_spider_acid_house
Spider:4: guppyfry_spider_rune, nicolae_spider_swamp_cousins
Slime:1:  layout_caves, amcnicky_altar_lugonu_corruption
Slime:2:  layout_caves
Slime:3:  layout_caves, cheibrodos_slime_lost_civilization_7
Slime:4:  layout_caves
Slime:5:  slime_pit_nicolae_trefoil
Orc:1:    layout_caves, serial_shops, nicolae_square_shop, hangedman_minor_magic
Orc:2:    grunt_orc_community_town_hall, layout_caves,
          grunt_orc_community_big_house_1, grunt_orc_community_big_house_1,
          grunt_orc_community_house_1, grunt_orc_community_house_3,
          grunt_orc_community_house_1, grunt_orc_community_house_1,
          grunt_orc_community_house_2, grunt_orc_community_house_2, basic_altar,
          serial_shops, nicolae_shop_temple_entry_statues_fountains
Elf:1:    minmay_firetagon, layout_loops_cross, serial_shops,
          nicolae_shop_bloodbath_and_beyond, hangedman_elf_represent,
          amcnicky_mini_rare_corridor_liquid, chequers_big_river,
          nicolae_elf_loose_elemental_storage
Elf:2:    nicolae_elf_blades_crystal_corner, layout_onion_city,
          serial_sigils_hangedman_clutch, nicolae_letterblocks
          [nicolae_letter_subblock, nicolae_letter_subblock,
          nicolae_letter_subblock, nicolae_letter_subblock,
          nicolae_letter_subblock, nicolae_letter_subblock,
          nicolae_letter_subblock, nicolae_letter_subblock,
          nicolae_letter_subblock, nicolae_letter_subblock,
          nicolae_letter_subblock, nicolae_letter_subblock,
          nicolae_letter_subblock, nicolae_letter_subblock,
          nicolae_letter_subblock, nicolae_letter_subblock,
          nicolae_letter_subblock, nicolae_letter_subblock,
          nicolae_letter_subblock, nicolae_letter_subblock,
          nicolae_letter_subblock, nicolae_letter_subblock,
          nicolae_letter_subblock, nicolae_letter_subblock,
          nicolae_letter_subblock], uniq_louise
Elf:3:    minmay_elf_hall_quartered_circle, layout_gridlike, serial_shops,
          nicolae_shop_behind_doors, roderic_roman_lattice
Vaults:1: vaults_standard_mumra_enter_the_diamond, nicolae_vaults_what_the_h,
          v_misc_23, nicolae_vaults_mini_display_case,
          grunt_vaults_hallway_short, v_misc_23, nicolae_vaults_quartermaster,
          v_misc_11, vaults_dpeg_ring, layout_vaults_quadrants
Vaults:2: nicolae_vaults_network_square, nicolae_vaults_rhombus_6,
          nicolae_vaults_border_crossing, v_misc_5, vaults_mumra_hexcomb,
          minmay_crypt_entry_simple_box, v_misc_28,
          nicolae_vaults_hallways_thing, hangedman_vaults_stagger,
          nicolae_vaults_gold_heap, layout_vaults_chaotic_city, uniq_donald,
          uniq_nikola, uniq_aizul
Vaults:3: vaults_room_hallway, dpeg_vaults_monster_box,
          nicolae_vaults_minivaults, v_misc_29, grunt_vaults_diagonal,
          vaults_dpeg_cross, hangedman_vaults_corner_blocks,
          ontoclasm_vaults_chip, v_misc_26, ontoclasm_vaults_fault,
          vaults_room_grunt_arrival_ludios, v_misc_13,
          nicolae_vaults_network_periphery, ontoclasm_vaults_pinch,
          layout_vaults_maze_bifur, serial_shops, shop, uniq_mara, uniq_zenata
Vaults:4: nicolae_vaults_three_branches, hangedman_vaults_river_flow,
          nicolae_vaults_ring_of_whatevers, hangedman_vaults_nails,
          ontoclasm_vaults_ring_square, vaults_mumra_minichess,
          nicolae_vaults_door_testing_chamber, grunt_vaults_hallway_long,
          v_pattern_4, nicolae_vaults_cochlea, nicolae_vaults_tetromino_T_1,
          nicolae_vaults_trapezoid_lopsided_1, vaults_mumra_lcd,
          layout_vaults_omnibox
Vaults:5
Depths:1: layout_honeycomb, enter_ziggurat_a,
          nicolae_gozag_cash_rules_everything_around_me,
          abyss_entry_small_statue_room, hell_entry, kb_rosetta,
          minmay_shoptagon, uniq_enchantress
Depths:2: nicolae_fronds_of_death, layout_cave_shapes, rand_demon_pan_entry_5,
          glass_columns_b, nicolae_trove_entry_columns, grunt_hell_entry_dis_mu,
          infiniplex_staircase_pillars_3a, uniq_vv
Depths:3: kb_forest_paths, layout_cave_shapes, abyss_entry, serial_shops, shop,
          lemuel_crystal_altar, hell_entry, st_stairs_9
Depths:4: grunt_twist_and_shout, layout_gridville, skrybe_limestone_x,
          hell_entry
Zot:1:    minmay_elemental_castle, layout_gridlike, uniq_tiamat, uniq_josephina
Zot:2:    layout_misc_corridors
Zot:3:    layout_gridlike
Zot:4:    layout_onion_interference, ebering_ghost_xom, uniq_grunn
Zot:5:    layout_basic

Skill      XL: |  1  2  3  4  5  6  7  8  9 10 11 12 13 14 15 16 17 18 19 20 21 22 23 24 25 26 27 |
---------------+----------------------------------------------------------------------------------+-----
Fighting       | 1 2 3 4 5 6 8 9 11 12 14 15 16 17 18 19 20 21 22 23 24 25 27 | 27.0
Dodging        | 3 4 5 6 7 9 10 12 14 15 16 18 19 20 21 23 24 25 27 | 27.0
Spellcasting   | 4 5 6 7 8 9 10 11 12 13 14 15 16 17 18 19 20 25 | 25.6
Conjurations   | 18 19 20 25 | 25.6
Hexes          | 18 19 20 25 | 25.6
Summonings     | 18 19 20 25 | 25.6
Necromancy     | 18 19 20 25 | 25.6
Translocations | 18 19 20 25 | 25.6
Transmutations | 18 19 20 25 | 25.6
Fire Magic     | 18 19 20 25 | 25.6
Ice Magic      | 18 19 20 25 | 25.6
Air Magic      | 18 19 20 25 | 25.6
Earth Magic    | 18 19 20 25 | 25.6
Poison Magic   | 18 19 20 25 | 25.6
Stealth        | |  1.5

Action                     |  1- 3 |  4- 6 |  7- 9 | 10-12 | 13-15 | 16-18 | 19-21 | 22-24 | 25-27 || total
---------------------------+-------+-------+-------+-------+-------+-------+-------+-------+-------++-------
  Melee: Unarmed           |       |       |     5 |       |       |     3 |       |       |       ||     8
         Staff             |       |       |       |       |       |       |     1 |     5 |     2 ||     8
   Cast: Magic Dart        |    51 |    55 |    25 |    11 |    36 |     3 |    15 |     5 |       ||   201
         Searing Ray       |     3 |    27 |    23 |    15 |     7 |     6 |    17 |    16 |    12 ||   126
         Dazzling Flash    |     1 |       |     4 |     2 |     6 |     7 |     7 |     1 |     1 ||    29
         Blink             |       |     2 |     5 |       |     2 |    13 |       |     1 |     7 ||    30
         Fulminant Prism   |       |       |    27 |    70 |   200 |   225 |   163 |   205 |   327 ||  1217
         Frozen Ramparts   |       |       |    15 |    18 |    14 |    17 |    16 |     8 |       ||    88
         Beastly Appendage |       |       |     1 |       |       |       |       |       |     1 ||     2
         Iskenderun's Myst |       |       |     4 |    45 |    97 |   170 |   154 |    54 |   164 ||   688
         Summon Ice Beast  |       |       |     3 |     5 |     2 |     7 |     1 |     6 |       ||    24
         Airstrike         |       |       |       |    92 |   243 |   378 |   129 |    95 |    37 ||   974
         Borgnjor's Vile C |       |       |       |       |    49 |    37 |    79 |    58 |   292 ||   515
         Starburst         |       |       |       |       |     9 |    37 |    28 |    17 |    35 ||   126
         Summon Cactus Gia |       |       |       |       |       |     9 |     5 |    27 |    14 ||    55
         Summon Hydra      |       |       |       |       |       |       |     5 |    41 |     4 ||    50
         Enfeeble          |       |       |       |       |       |       |     3 |    48 |   107 ||   158
         Ozocubu's Refrige |       |       |       |       |       |       |       |   104 |   644 ||   748
         Chain Lightning   |       |       |       |       |       |       |       |       |    67 ||    67
         Shatter           |       |       |       |       |       |       |       |       |    38 ||    38
  Evoke: Wand              |       |     2 |     9 |       |       |       |       |       |     2 ||    13
    Use: Scroll            |       |       |     9 |     1 |    13 |     9 |     1 |       |     1 ||    34
         Potion            |       |       |       |     1 |       |     4 |     2 |       |     6 ||    13
 Armour: Robe              |     7 |     2 |     1 |     5 |     5 |    18 |    19 |    11 |    23 ||    91
  Dodge: Dodged            |     9 |     8 |    18 |    21 |    19 |    82 |    70 |    75 |   279 ||   581
         Repelled          |       |       |       |       |     9 |    13 |     6 |     5 |    40 ||    73
  Block: Other             |       |       |     1 |     6 |    10 |    35 |    25 |    32 |    66 ||   175

Table legend: (Time is in decaauts)
 A = Elapsed time spent in this place.
 B = Non-inter-level travel time spent in this place.
 C = Inter-level travel time spent in this place.
 D = Time resting spent in this place.
 E = Time spent auto-exploring this place.
 F = Levels seen in this place.
 G = Mean time per level.
                   A        B        C        D        E       F      G
               +--------+--------+--------+--------+--------+-----+--------+
         Total |  66416 |  58000 |   8416 |   5726 |  40322 |  55 | 1207.6 |
       Dungeon |  13900 |  12328 |   1572 |    813 |   9833 |  15 |  926.7 |
          Lair |   7158 |   6302 |    856 |    750 |   4530 |   6 | 1193.0 |
         Swamp |   3774 |   3523 |    251 |    587 |   2250 |   4 |  943.5 |
   Spider Nest |   6052 |   5459 |    593 |     45 |   4147 |   4 | 1513.0 |
    Slime Pits |   2898 |   2610 |    288 |    228 |   1579 |   5 |  579.6 |
  Orcish Mines |   1680 |   1535 |    145 |      0 |   1142 |   2 |  840.0 |
   Elven Halls |   4293 |   3871 |    422 |    112 |   2653 |   3 | 1431.0 |
        Vaults |  10768 |   9042 |   1726 |    978 |   6142 |   5 | 2153.6 |
        Depths |   6989 |   5812 |   1177 |    878 |   3944 |   4 | 1747.2 |
           Zot |   8486 |   7104 |   1382 |   1265 |   3942 |   5 | 1697.2 |
         Trove |     43 |     43 |      0 |      0 |      6 |   1 |   43.0 |
       Ossuary |    369 |    369 |      0 |     69 |    154 |   1 |  369.0 |
               +--------+--------+--------+--------+--------+-----+--------+

Top non-repeatable levels by time:
   Zot:1: 2575 daAuts
Vaults:4: 2552 daAuts
Vaults:2: 2335 daAuts
Vaults:1: 2272 daAuts
Depths:1: 1993 daAuts
   Zot:3: 1952 daAuts
Spider:3: 1941 daAuts
Vaults:3: 1858 daAuts
Depths:4: 1837 daAuts
Vaults:5: 1749 daAuts
Spider:4: 1656 daAuts
Depths:2: 1648 daAuts
Spider:1: 1624 daAuts
   Zot:5: 1601 daAuts
  Lair:3: 1599 daAuts
